TOP OF THE 1ST |
Chattanooga Lookouts batting - Pitching for Montgomery Biscuits : RHP Angelo Mora
|
Pitching: RHP Angelo Mora
|
|
Batting: SHB Matt Urbani
|
0-0: Fly out, F7 (Flyball, 7, EV 86.9 MPH)
|
Batting: RHB John Dew
|
0-0: Foul Ball, location: 2F 0-1: Ground out 4-3 (Groundball, 4, EV 81.9 MPH)
|
Batting: LHB Shaun Price
|
0-0: Ball 1-0: SINGLE (Line Drive, 56D, EV 99.4 MPH)
|
Batting: LHB Kuemon Shishido
|
0-0: Called Strike 0-1: 2-RUN HOME RUN (Flyball, 9D, EV 97.5 MPH), Distance : 386 ft
|
Batting: RHB Manuel Juarez
|
0-0: Foul Ball, location: 2F 0-1: Swinging Strike 0-2: Foul Ball, location: 2F 0-2: Ball 1-2: Strikes out swinging
|
Top of the 1st over - 2 runs, 2 hits, 0 errors, 0 left on base; Chattanooga 2 - Montgomery 0 |
BOTTOM OF THE 1ST |
Montgomery Biscuits batting - Pitching for Chattanooga Lookouts : LHP Jon Lizarraga
|
Pitching: LHP Jon Lizarraga
|
|
Batting: RHB Adam Turpin
|
0-0: Fly out, F8 (Flyball, 78D, EV 87.5 MPH)
|
Batting: RHB Chris Thorson
|
0-0: Called Strike 0-1: Ball 1-1: Foul Ball, location: 2F 1-2: Ball 2-2: Foul Ball, location: 2F 2-2: Ground out 4-3 (Groundball, 4M, EV 76.9 MPH)
|
Batting: SHB Wayne Hattan
|
0-0: Fly out, F8 (Flyball, 89D, EV 98.8 MPH)
|
Bottom of the 1st over - 0 runs, 0 hits, 0 errors, 0 left on base; Chattanooga 2 - Montgomery 0 |
TOP OF THE 2ND |
Chattanooga Lookouts batting - Pitching for Montgomery Biscuits : RHP Angelo Mora
|
Batting: LHB Brian Wagner
|
0-0: Called Strike 0-1: Ball 1-1: Ground out 4-3 (Groundball, 4, EV 107.5 MPH)
|
Batting: RHB Michael McDonald
|
0-0: Called Strike 0-1: Ball 1-1: Ball 2-1: Ground out 1-3 (Groundball, 13S, EV 65.0 MPH)
|
Batting: LHB Jayden Thomas
|
0-0: Ball 1-0: Foul Ball, location: 2F 1-1: Ball 2-1: Foul Ball, location: 2F 2-2: Ball 3-2: Ground out U3 (Groundball, 3, EV 106.9 MPH)
|
Top of the 2nd over - 0 runs, 0 hits, 0 errors, 0 left on base; Chattanooga 2 - Montgomery 0 |
BOTTOM OF THE 2ND |
Montgomery Biscuits batting - Pitching for Chattanooga Lookouts : LHP Jon Lizarraga
|
Batting: RHB Freddy Mullen
|
0-0: Ground out 5-3 (Groundball, 5, EV 101.9 MPH)
|
Batting: RHB Alex Zamora
|
0-0: Ball 1-0: Swinging Strike 1-1: Ball 2-1: SINGLE (Groundball, 56D, EV 110.0 MPH)
|
Batting: RHB Isaiah Easter
|
0-0: Fly out, F9 (Flyball, 9S, EV 80.0 MPH)
|
Batting: RHB Dave Galloway
|
0-0: Called Strike 0-1: Ball 1-1: Called Strike 1-2: Ball 2-2: SINGLE (Line Drive, 8LS, EV 102.5 MPH) Alex Zamora to second
|
Batting: SHB Julio Hernandez
|
0-0: Called Strike 0-1: Ball 1-1: Foul Ball, location: 2F 1-2: Ball 2-2: Foul Ball, location: 2F 2-2: Strikes out swinging
|
Bottom of the 2nd over - 0 runs, 2 hits, 0 errors, 2 left on base; Chattanooga 2 - Montgomery 0 |
TOP OF THE 3RD |
Chattanooga Lookouts batting - Pitching for Montgomery Biscuits : RHP Angelo Mora
|
Batting: RHB David Nardone
|
0-0: Ball 1-0: Fly out, F8 (Flyball, 78D, EV 89.4 MPH)
|
Batting: SHB Matt Urbani
|
0-0: Called Strike 0-1: Ball 1-1: Ball 2-1: Foul Ball, location: 2F 2-2: Foul Ball, location: 2F 2-2: SINGLE (Groundball, 34D, EV 97.5 MPH)
|
Batting: RHB John Dew
|
0-0: Ball Matt Urbani is caught stealing 2nd base 2-4 1-0: Foul Ball, location: 2F 1-1: Swinging Strike 1-2: Ground out 4-3 (Groundball, 4, EV 103.8 MPH)
|
Top of the 3rd over - 0 runs, 1 hit, 0 errors, 0 left on base; Chattanooga 2 - Montgomery 0 |
BOTTOM OF THE 3RD |
Montgomery Biscuits batting - Pitching for Chattanooga Lookouts : LHP Jon Lizarraga
|
Batting: RHB Khalil Walker
|
0-0: Ground out 5-3 (Groundball, 56, EV 101.9 MPH)
|
Batting: RHB Adam Turpin
|
0-0: Ground out 5-3 (Groundball, 56S, EV 86.2 MPH)
|
Batting: RHB Chris Thorson
|
0-0: Called Strike 0-1: Called Strike 0-2: Ball 1-2: Strikes out swinging
|
Bottom of the 3rd over - 0 runs, 0 hits, 0 errors, 0 left on base; Chattanooga 2 - Montgomery 0 |
TOP OF THE 4TH |
Chattanooga Lookouts batting - Pitching for Montgomery Biscuits : RHP Angelo Mora
|
Batting: LHB Shaun Price
|
0-0: Ball 1-0: Foul Ball, location: 2F 1-1: Called Strike 1-2: Strikes out swinging, 2-3 out at first.
|
Batting: LHB Kuemon Shishido
|
0-0: Ball 1-0: Called Strike 1-1: Foul Ball, location: 2F 1-2: Ball 2-2: Foul Ball, location: 2F 2-2: Foul Ball, location: 2F 2-2: Strikes out swinging
|
Batting: RHB Manuel Juarez
|
0-0: Ball 1-0: Foul Ball, location: 2F 1-1: Swinging Strike 1-2: Ball 2-2: Ball 3-2: Foul Ball, location: 2F 3-2: Foul Ball, location: 2F 3-2: Base on Balls
|
Batting: LHB Brian Wagner
|
0-0: Ball 1-0: Called Strike 1-1: Foul Ball, location: 2F 1-2: Foul Ball, location: 2F 1-2: Foul Ball, location: 2F 1-2: Ball 2-2: Fly out, F7 (Flyball, 7D, EV 101.9 MPH)
|
Top of the 4th over - 0 runs, 0 hits, 0 errors, 1 left on base; Chattanooga 2 - Montgomery 0 |
BOTTOM OF THE 4TH |
Montgomery Biscuits batting - Pitching for Chattanooga Lookouts : LHP Jon Lizarraga
|
Batting: SHB Wayne Hattan
|
0-0: Ball 1-0: Called Strike 1-1: Foul Ball, location: 2F 1-2: Foul Ball, location: 2F 1-2: Ground out 5-3 (Groundball, 5, EV 77.5 MPH)
|
Batting: RHB Freddy Mullen
|
0-0: Ball 1-0: Ground out 4-3 (Groundball, 4, EV 101.2 MPH)
|
Batting: RHB Alex Zamora
|
0-0: Ball 1-0: Swinging Strike 1-1: Ball 2-1: Foul Ball, location: 2F 2-2: Fly out, F8 (Flyball, 8RM, EV 84.4 MPH)
|
Bottom of the 4th over - 0 runs, 0 hits, 0 errors, 0 left on base; Chattanooga 2 - Montgomery 0 |
TOP OF THE 5TH |
Chattanooga Lookouts batting - Pitching for Montgomery Biscuits : RHP Angelo Mora
|
Batting: RHB Michael McDonald
|
0-0: Called Strike 0-1: Ball 1-1: Ball 2-1: Ground out 6-3 (Groundball, 6M, EV 89.4 MPH)
|
Batting: LHB Jayden Thomas
|
0-0: Called Strike 0-1: Foul Ball, location: 2F 0-2: Ball 1-2: Ball 2-2: Ground out U3 (Groundball, 3S, EV 73.8 MPH)
|
Batting: RHB David Nardone
|
0-0: Ground out 1-3 (Groundball, 13S, EV 65.0 MPH)
|
Top of the 5th over - 0 runs, 0 hits, 0 errors, 0 left on base; Chattanooga 2 - Montgomery 0 |
BOTTOM OF THE 5TH |
Montgomery Biscuits batting - Pitching for Chattanooga Lookouts : LHP Jon Lizarraga
|
Batting: RHB Isaiah Easter
|
0-0: Ball 1-0: Ground out 1-3 (Groundball, 34S, EV 72.5 MPH)
|
Batting: RHB Dave Galloway
|
0-0: Ball 1-0: Swinging Strike 1-1: Foul Ball, location: 2F 1-2: Ball 2-2: Foul Ball, location: 2F 2-2: Ball 3-2: Strikes out looking
|
Batting: SHB Julio Hernandez
|
0-0: SINGLE (Line Drive, 4M, EV 103.8 MPH)
|
Batting: RHB Khalil Walker
|
0-0: Called Strike 0-1: Fly out, F9 (Flyball, 89M, EV 85.0 MPH)
|
Bottom of the 5th over - 0 runs, 1 hit, 0 errors, 1 left on base; Chattanooga 2 - Montgomery 0 |
TOP OF THE 6TH |
Chattanooga Lookouts batting - Pitching for Montgomery Biscuits : RHP Angelo Mora
|
Batting: SHB Matt Urbani
|
0-0: Foul Ball, location: 2F 0-1: SINGLE (Line Drive, 9S, EV 88.8 MPH)
|
Batting: RHB John Dew
|
0-0: Ball Matt Urbani steals 2nd base 1-0: Foul Ball, location: 2F 1-1: Ground out 6-3 (Groundball, 6, EV 92.5 MPH) Matt Urbani to third
|
Batting: LHB Shaun Price
|
0-0: Ground out U3 (Groundball, 3S, EV 88.1 MPH)
|
Batting: LHB Kuemon Shishido
|
0-0: Ground out U3 (Groundball, 3, EV 85.0 MPH)
|
Top of the 6th over - 0 runs, 1 hit, 0 errors, 1 left on base; Chattanooga 2 - Montgomery 0 |
BOTTOM OF THE 6TH |
Montgomery Biscuits batting - Pitching for Chattanooga Lookouts : LHP Jon Lizarraga
|
Batting: RHB Adam Turpin
|
0-0: Ball 1-0: Ground out 5-3 (Groundball, 5, EV 87.5 MPH)
|
Batting: RHB Chris Thorson
|
0-0: Ground out 5-3 (Groundball, 56, EV 110.0 MPH)
|
Batting: SHB Wayne Hattan
|
0-0: Swinging Strike 0-1: Ball 1-1: Ball 2-1: Ball 3-1: Called Strike 3-2: Ground out U3 (Groundball, 34S, EV 85.6 MPH)
|
Bottom of the 6th over - 0 runs, 0 hits, 0 errors, 0 left on base; Chattanooga 2 - Montgomery 0 |
TOP OF THE 7TH |
Chattanooga Lookouts batting - Pitching for Montgomery Biscuits : RHP Angelo Mora
|
Batting: RHB Manuel Juarez
|
0-0: Called Strike 0-1: Foul Ball, location: 2F 0-2: Strikes out looking
|
Batting: LHB Brian Wagner
|
0-0: SINGLE (Groundball, 56D, EV 105.0 MPH)
|
Batting: RHB Michael McDonald
|
0-0: Swinging Strike 0-1: Fly out, F3 (Popup, 3F, EV 78.8 MPH)
|
Batting: LHB Jayden Thomas
|
0-0: Ball Brian Wagner is caught stealing 2nd base 2-6
|
Top of the 7th over - 0 runs, 1 hit, 0 errors, 0 left on base; Chattanooga 2 - Montgomery 0 |
BOTTOM OF THE 7TH |
Montgomery Biscuits batting - Pitching for Chattanooga Lookouts : LHP Jon Lizarraga
|
Batting: RHB Freddy Mullen
|
0-0: Ball 1-0: Called Strike 1-1: Swinging Strike 1-2: Ball 2-2: Foul Ball, location: 2F 2-2: Foul Ball, location: 2F 2-2: Strikes out swinging
|
Batting: RHB Alex Zamora
|
0-0: Ball 1-0: Foul Ball, location: 2F 1-1: Called Strike 1-2: Strikes out swinging
|
Batting: RHB Isaiah Easter
|
0-0: Foul Ball, location: 2F 0-1: Ball 1-1: Ground out 5-3 (Groundball, 56, EV 100.0 MPH)
|
Bottom of the 7th over - 0 runs, 0 hits, 0 errors, 0 left on base; Chattanooga 2 - Montgomery 0 |
TOP OF THE 8TH |
Chattanooga Lookouts batting - Pitching for Montgomery Biscuits : RHP Angelo Mora
|
Batting: LHB Jayden Thomas
|
0-0: Called Strike 0-1: Ball 1-1: Foul Ball, location: 2F 1-2: Ground out 6-3 (Groundball, 6, EV 89.4 MPH)
|
Batting: RHB David Nardone
|
0-0: Ball 1-0: Ground out 3-1 (Groundball, 34, EV 101.2 MPH)
|
Batting: SHB Matt Urbani
|
0-0: Foul Ball, location: 2F 0-1: Ball 1-1: Called Strike 1-2: Ball 2-2: Strikes out swinging
|
Top of the 8th over - 0 runs, 0 hits, 0 errors, 0 left on base; Chattanooga 2 - Montgomery 0 |
BOTTOM OF THE 8TH |
Montgomery Biscuits batting - Pitching for Chattanooga Lookouts : LHP Jon Lizarraga
|
Batting: RHB Dave Galloway
|
0-0: Ball 1-0: Called Strike 1-1: Ball 2-1: Foul Ball, location: 2F 2-2: Foul Ball, location: 2F 2-2: Fly out, F8 (Flyball, 78M, EV 97.5 MPH)
|
Batting: SHB Julio Hernandez
|
0-0: SINGLE (Groundball, 34D, EV 99.4 MPH)
|
Batting: RHB Khalil Walker
|
0-0: Foul Ball, location: 2F 0-1: Foul Ball, location: 2F 0-2: Ball 1-2: Foul Ball, location: 2F 1-2: Ball 2-2: Fly out, F9 (Line Drive, 9, EV 106.9 MPH)
|
Batting: RHB Adam Turpin
|
0-0: Ball 1-0: Foul Ball, location: 2F 1-1: Foul Ball, location: 2F 1-2: Fly out, F9 (Flyball, 9LM, EV 90.0 MPH)
|
Bottom of the 8th over - 0 runs, 1 hit, 0 errors, 1 left on base; Chattanooga 2 - Montgomery 0 |
TOP OF THE 9TH |
Chattanooga Lookouts batting - Pitching for Montgomery Biscuits : RHP Angelo Mora
|
Pitching: RHP Josh McMahan
|
|
Batting: RHB John Dew
|
0-0: Ball 1-0: Fly out, F6 (Line Drive, 6, EV 61.9 MPH)
|
Batting: LHB Shaun Price
|
0-0: Ball 1-0: Swinging Strike 1-1: Ball 2-1: Hit by Pitch
|
Batting: LHB Kuemon Shishido
|
0-0: Called Strike 0-1: Ball 1-1: Ball 2-1: Ball 3-1: Foul Ball, location: 2F 3-2: Foul Ball, location: 2F 3-2: Grounds into double play, 4-6-3 (Groundball, 4, EV 90.0 MPH)
|
Top of the 9th over - 0 runs, 0 hits, 0 errors, 0 left on base; Chattanooga 2 - Montgomery 0 |
BOTTOM OF THE 9TH |
Montgomery Biscuits batting - Pitching for Chattanooga Lookouts : LHP Jon Lizarraga
|
Pitching: RHP Tom Aagaard
|
|
Batting: RHB Chris Thorson
|
0-0: Ball 1-0: Ball 2-0: Ball 3-0: Called Strike 3-1: Ground out 6-3 (Groundball, 6S, EV 65.6 MPH)
|
Batting: SHB Wayne Hattan
|
0-0: Ball 1-0: Fly out, F9 (Line Drive, 9LM, EV 98.8 MPH)
|
Batting: RHB Freddy Mullen
|
0-0: Swinging Strike 0-1: Ball 1-1: Ball 2-1: Called Strike 2-2: Ground out 5-3 (Groundball, 56S, EV 66.2 MPH)
|
Bottom of the 9th over - 0 runs, 0 hits, 0 errors, 0 left on base; Chattanooga 2 - Montgomery 0 |
|